 Dungeon Crawl Stone Soup version 0.20.1-1-g8b1a95d (webtiles) character file.

263 HeyBub the Ducker (level 5, -1/28 HPs)
             Began as a Spriggan Abyssal Knight on Sept 14, 2017.
             Was a Believer of Lugonu.
             Slain by 0gre's ghost (6 damage)
             ... on level 4 of the Dungeon.
             The game lasted 00:04:14 (2789 turns).

HeyBub the Ducker (Spriggan Abyssal Knight)         Turns: 2789, Time: 00:04:15

Health: -1/28      AC:  2    Str:  9    XL:     5   Next: 98%
Magic:  7/7        EV: 20    Int: 13    God:    Lugonu [**....]
Gold:   221        SH:  0    Dex: 16    Spells: 4/4 levels left

rFire    + . .     SeeInvis +   e - +0 falchion (distort)
rCold    . . .     Gourm    .   (shield restricted)
rNeg     . . .     Faith    .   b - +0 robe
rPois    .         Spirit   .   (helmet restricted)
rElec    .         Reflect  .   (no cloak)
rCorr    .         Harm     .   (gloves unavailable)
MR       +....                  (boots unavailable)
Stlth    ++........             (no amulet)
Regen    0.1/turn               p - ring of protection from magic
MPRegen  0.1/turn               m - ring of protection from fire

@: very quick
A: unfitting armour, see invisible, herbivore 3, speed 3, slow metabolism 2
a: Depart the Abyss, Bend Space, Renounce Religion


You were on level 4 of the Dungeon.
You worshipped Lugonu.
Lugonu was pleased with you.
You were not hungry.

You visited 1 branch of the dungeon, and saw 4 of its levels.
You visited the Abyss 1 time.

You collected 221 gold pieces.

Inventory:

Hand Weapons
 a - a +1 short sword
 e - a +0 falchion of distortion (weapon)
 t - a +4 short sword of draining
Armour
 b - a +0 robe (worn)
Jewellery
 f - an uncursed ring of poison resistance
 l - an uncursed ring of protection from cold
 m - a ring of protection from fire (right hand)
 p - a ring of protection from magic (left hand)
Scrolls
 d - 4 scrolls of fear {unknown}
 g - a scroll of fog {unknown}
 j - 2 scrolls of identify
 n - 2 scrolls of teleportation
 o - a scroll of amnesia {unknown}
 r - a scroll of recharging {unknown}
 s - a scroll of enchant armour {unknown}
Potions
 i - a potion of curing {unknown}
 q - a potion of agility {unknown}
Comestibles
 c - 4 bread rations
 k - 3 royal jellies


   Skills:
 + Level 3.5 Fighting
 + Level 3.1(3.7) Short Blades
 * Level 2.1(2.6) Long Blades
 + Level 5.1 Dodging
 + Level 3.4 Stealth
 + Level 1.8 Invocations


You had 4 spell levels left.
You didn't know any spells.

Dungeon Overview and Level Annotations

Branches:
Dungeon (4/15)
 Temple: D:4-7

Altars:
Fedhas
Makhleb

Annotations:
D:4 0gre's ghost, novice MiBe


Innate Abilities, Weirdness & Mutations

You are very small and have problems with some larger weapons.
You are too small for most types of armour.
You have supernaturally acute eyesight. (SInv)
You are a herbivore.
You cover ground extremely quickly.
You need consume almost no food.


Message History

0gre's ghost is moderately damaged. 0gre's ghost hits you.
* * * LOW HITPOINT WARNING * * *
The howler monkey hoots and howls with incredible vigour!
Found a halberd.
A quokka comes into view.
Found 16 gold pieces.
You hit the quokka.
The quokka looks slightly unstable.
The quokka is severely wounded.
The quokka barely misses you. The quokka misses you.
A hound comes into view.
You miss the quokka.
The quokka is severely wounded.
The hound barks!
The quokka misses you.
You hit the quokka.
You kill the quokka!
Lugonu accepts your kill. 0gre's ghost hits you.
You die...

.!..##.#
..### #.# .
#.# #h# #.#
#h# #h# #W#
#@# #h# ...
.)...
.......
.........
##.$.......
#..........


You could see a howler monkey, 3 hounds and 0gre's ghost.

Vanquished Creatures
  An orc wizard (D:3)
  7 adders
  2 oozes (D:3)
  A worm (D:2)
  5 dart slugs (D:1)
  7 leopard geckos
  11 orcs
  A ball python (D:2)
  7 bats
  2 giant cockroaches
  7 goblins
  9 hobgoblins
  3 jackals (D:3)
  A quokka (D:4)
  A frilled lizard (D:1)
  7 kobolds
  3 rats
75 creatures vanquished.

Vanquished Creatures (others)
  The ghost of HeyBub the Ducker, an amateur SpAK of Lugonu (D:3)
  A jelly (D:3)
  A hobgoblin (D:2)
  A kobold (D:2)
4 creatures vanquished.

Grand Total: 79 creatures vanquished

Notes
Turn   | Place    | Note
-------+----------+-------------------------------------------
     0 | Abyss:1  | HeyBub the Spriggan Abyssal Knight began the quest for the Orb.
     0 | Abyss:1  | Reached XP level 1. HP: 11/11 MP: 3/3
    38 | Abyss:1  | Noticed a golden eye
    76 | Abyss:2  | Noticed a tentacled starspawn
    79 | Abyss:2  | Noticed a smoke demon
    80 | Abyss:2  | Noticed a lorocyproca
    84 | D:1      | Escaped the Abyss
   324 | D:1      | Reached XP level 2. HP: 16/16 MP: 4/4
   371 | D:1      | Reached * piety under Lugonu
   390 | D:1      | Reached skill level 4 in Dodging
   765 | D:1      | Reached XP level 3. HP: 10/20 MP: 5/5
  1668 | D:2      | Reached skill level 1 in Stealth
  1727 | D:2      | Found a blossoming altar of Fedhas.
  1735 | D:2      | Reached XP level 4. HP: 24/24 MP: 6/6
  2149 | D:3      | Reached ** piety under Lugonu
  2149 | D:3      | Reached skill level 1 in Long Blades
  2154 | D:3      | Reached XP level 5. HP: 28/28 MP: 7/7
  2379 | D:3      | Noticed HeyBub's ghost (amateur SpAK)
  2381 | D:3      | Banished HeyBub's ghost
  2381 | D:3      | Reached skill level 5 in Dodging
  2615 | D:3      | Found a burning altar of Makhleb.
  2615 | D:3      | Noticed an Executioner
  2618 | D:3      | Noticed a neqoxec
  2618 | D:3      | Noticed a neqoxec
  2759 | D:4      | Noticed 0gre's ghost (novice MiBe)
  2789 | D:4      | Slain by 0gre's ghost

Skill      XL: |  1  2  3  4  5 |
---------------+----------------+-----
Dodging        | 4 5 |  5.1
Fighting       | 3 |  3.5
Stealth        | 1 2 3 |  3.4
Short Blades   | 3 |  3.1
Long Blades    | 1 2 |  2.1
Invocations    | |  1.8

Action                   |  1- 3 |  4- 6 || total
-------------------------+-------+-------++-------
Melee: Short sword       |   106 |       ||   106
       Falchion          |    11 |    95 ||   106
Invok: Depart the Abyss  |     1 |       ||     1
  Use: Scroll            |     3 |       ||     3
       Potion            |     1 |     1 ||     2
 Stab: Sleeping          |     1 |     4 ||     5
       Distracted        |     1 |     1 ||     2
Armor: Robe              |     7 |     8 ||    15
Dodge: Dodged            |    98 |    87 ||   185
       Rpst.: Falchion   |     3 |    26 ||    29
